 Dungeon Crawl Stone Soup version 0.25-a0-21-ga5a8db46c7 (webtiles) character file.

Game seed: 13677684274324341812, levelgen mode: deterministic

11707 Arixos the Thaumaturge (level 11, -3/83 HPs)
             Began as a Gnoll Wizard on Oct 16, 2019.
             Was a High Priest of Cheibriados.
             Slain by a skeletal warrior
             ... wielding a +0 dire flail
              (13 damage)
             ... on level 11 of the Dungeon.
             The game lasted 01:00:26 (8268 turns).

Arixos the Thaumaturge (Gnoll Wizard)               Turns: 8268, Time: 01:00:27

Health: -3/83      AC: 15    Str: 22 (25) XL:     11   Next: 81%
Magic:  0/24       EV: 26    Int: 29 (31) God:    Cheibriados [*****.]
Gold:   202        SH:  0    Dex: 31 (32) Spells: 18/29 levels left

rFire    . . .     SeeInvis +   a - +4 spear (venom)
rCold    . . .     Gourm    .   (no shield)
rNeg     . . .     Faith    .   A - +0 troll leather armour
rPois    .         Spirit   +   c - +0 helmet
rElec    +         Reflect  .   e - +2 cloak
rCorr    .         Harm     .   b - +1 pair of gloves {Dex+3}
MR       ++...                  m - +0 pair of boots of Kyhegoip {rElec MR++ Int-3 SInv}
Stlth    +++++.....             u - amulet of guardian spirit
HPRegen  0.63/turn              L - +2 ring of protection
MPRegen  0.19/turn              E - +5 ring of evasion

@: very slow
A: distributed training, fangs 1, agile 1, deterioration 1, strong nose
a: Bend Time, Temporal Distortion, Slouch, Step From Time, Renounce Religion


You were on level 11 of the Dungeon.
You worshipped Cheibriados.
Cheibriados was extremely pleased with you.
You were not hungry.

You visited 2 branches of the dungeon, and saw 12 of its levels.
You also visited: Sewer.

You collected 388 gold pieces.
You spent 186 gold pieces at shops.

Inventory:

Hand Weapons
 a - a +4 spear of venom (weapon)
Missiles
 p - 9 curare-tipped darts (quivered)
 G - 7 poisoned darts
Armour
 b - a +1 pair of gloves of dexterity (worn)
 c - a +0 helmet (worn)
 e - a +2 cloak (worn)
 m - the +0 pair of boots of Kyhegoip (worn) {rElec MR++ Int-3 SInv}
   (You found it in a sewer)

   It affects your intelligence (-3).
   It insulates you from electricity.
   It affects your resistance to hostile enchantments.
   It lets you see invisible.
 A - a +0 troll leather armour (worn)
Jewellery
 u - an amulet of guardian spirit (around neck)
 E - a +5 ring of evasion (right hand)
 L - a +2 ring of protection (left hand)
Wands
 n - a wand of digging (5)
 o - a wand of flame (27)
 q - a wand of polymorph (3)
 F - a wand of iceblast (10)
 J - a wand of clouds (4)
Scrolls
 f - 10 scrolls of identify
 g - 8 scrolls of remove curse {unknown}
 h - 5 scrolls of magic mapping {unknown}
 i - 6 scrolls of teleportation {unknown}
 t - 4 scrolls of blinking {unknown}
 v - 3 scrolls of fog {unknown}
 x - a scroll of enchant armour {unknown}
 y - 2 scrolls of random uselessness {unknown}
 C - 3 scrolls of fear {unknown}
 I - a scroll of amnesia {unknown}
 K - a scroll of noise {unknown}
Potions
 j - 2 potions of heal wounds {unknown}
 k - 2 potions of degeneration
 l - 2 potions of haste {unknown}
 r - a potion of brilliance {unknown}
 s - a potion of magic {unknown}
 w - 2 potions of mutation
 z - 6 potions of agility
 B - a potion of invisibility {unknown}
 D - a potion of berserk rage {unknown}
 H - a potion of ambrosia {unknown}
 M - 2 potions of curing {unknown}
Comestibles
 d - 24 rations
 N - a chunk of flesh


   Skills:
 + Level 6.5 Fighting
 + Level 6.5 Short Blades
 + Level 6.5 Long Blades
 + Level 6.5 Axes
 + Level 6.5 Maces & Flails
 + Level 6.5 Polearms
 + Level 6.5 Staves
 + Level 6.5 Slings
 + Level 6.5 Bows
 + Level 6.5 Crossbows
 + Level 6.5 Throwing
 + Level 6.5 Armour
 + Level 8.1 Dodging
 + Level 7.8 Stealth
 + Level 6.5 Shields
 + Level 6.5 Unarmed Combat
 + Level 9.7 Spellcasting
 + Level 5.9 Conjurations
 + Level 5.4 Hexes
 + Level 5.4 Charms
 + Level 5.9 Summonings
 + Level 5.4 Necromancy
 + Level 5.9 Translocations
 + Level 5.4 Transmutations
 + Level 5.4 Fire Magic
 + Level 5.4 Ice Magic
 + Level 5.4 Air Magic
 + Level 5.4 Earth Magic
 + Level 5.4 Poison Magic
 + Level 7.2 Invocations
 + Level 6.5 Evocations


You had 18 spell levels left.
You knew the following spells:

 Your Spells              Type           Power        Failure   Level  Hunger
a - Magic Dart            Conj           ####         1%          1    None
c - Mephitic Cloud        Conj/Pois/Air  #####...     1%          3    None
e - Blink                 Tloc           N/A          1%          2    None
f - Conjure Flame         Conj/Fire      #####...     1%          3    None
q - Call Imp              Summ           #####...     1%          2    None

Your spell library contained the following spells:

 Spells                   Type           Power        Failure   Level  Hunger
 Slow                     Hex            #####...     1%          2    None


Dungeon Overview and Level Annotations

Branches:
Dungeon (11/15)            Temple (1/1) D:4           Sewer (visited)
   Lair: D:8-11         Orc: D:9-12

Altars:
Ashenzari
Cheibriados
Dithmenos
Elyvilon
Fedhas
Gozag
Hepliaklqana
Kikubaaqudgha
Makhleb
Nemelex Xobeh
Okawaru
Qazlal
Ru
Sif Muna
Trog
Uskayaw
Vehumet
Wu Jian
Xom
Yredelemnul
Zin
The Shining One

Shops:
D:4 (   D:5 *   D:7 *

Annotations:
D:3 1 runed translucent door, hitsuchi's ghost, amateur GnWn
D:6 1 runed translucent door, runewalsh's ghost, novice OpWz


Innate Abilities, Weirdness & Mutations

Your experience applies equally to all skills.
You have very sharp teeth.
Your uncanny sense of smell can sniff out nearby items.
You are agile. (Dex +2)
Your body sometimes deteriorates upon taking damage.


Message History

Your crimson imp hits the skeletal warrior but does no damage.
Your crimson imp closely misses the skeletal warrior.
Your iron imp barely misses the skeletal warrior.
Evoke which item? (* to show all) (? for menu, Esc to quit)
Aiming: Throw Flame
Press: ? - help, Shift-Dir - straight line, f/p - skeletal warrior
Aim: a skeletal warrior, wielding a +0 dire flail (severely damaged)
The puff of flame misses the skeletal warrior.
The skeletal warrior misses you.
Your crimson imp hits the skeletal warrior but does no damage.
Your crimson imp blinks!
Evoke which item? (* to show all) (? for menu, Esc to quit)
Aiming: Throw Flame
Press: ? - help, Shift-Dir - straight line, f/p - skeletal warrior
Aim: a skeletal warrior, wielding a +0 dire flail (severely damaged)
The puff of flame hits the skeletal warrior but does no damage.
The skeletal warrior is severely damaged.
Your crimson imp blinks!
The skeletal warrior hits you with a +0 dire flail!
You die...

............
#....}......
#>..........
#.........?.
#.....5.....
#.....5....
#.ยงยง.......
#.z@.......
#.5........
#..........
#####.....#
.....# .....#
....# ....#


You could see a skeletal warrior, a friendly iron imp and 2 friendly crimson
imps.

Vanquished Creatures
  Gastronok (D:8)
  2 two-headed ogres
  A skeletal warrior (D:10)
  2 unseen horrors (D:10)
  A cyclops (D:9)
  A troll (D:5)
  2 hornets
  3 hippogriffs
  A wraith (D:9)
  A wyvern (D:9)
  A human (D:7)
  4 hogs (D:7)
  5 yaks (D:9)
  A steam dragon (D:9)
  Eustachio (D:4)
  A hungry ghost (D:8)
  A water moccasin (D:8)
  A soldier ant (D:9)
  Purgy (Sewer)
  2 ice beasts
  An orc warrior (D:7)
  A phantom (D:6)
  2 sky beasts
  A necrophage (D:6)
  2 ogres
  3 centaurs
  4 big kobolds
  4 bullfrogs
  4 scorpions
  3 howler monkeys
  3 crimson imps
  A bullfrog zombie (D:8)
  2 centaur zombies
  A quasit (D:8)
  4 hounds
  A jelly (D:8)
  An orc priest (D:4)
  2 bullfrog skeletons
  Jessica (D:3)
  Terence (D:3)
  3 iguanas
  8 orc wizards
  3 worker ants
  A killer bee zombie (D:7)
  A hound skeleton (D:2)
  2 worker ant zombies
  3 gnolls (D:4)
  2 howler monkey skeletons
  10 adders
  5 shadow imps
  An ooze (D:1)
  2 worms
  6 leopard geckos
  30 orcs
  11 giant cockroaches
  7 hobgoblins
  4 jackals (D:5)
  18 kobolds
  5 quokkas
  3 ball pythons
  7 bats
  3 frilled lizards
  4 goblins
  A quokka skeleton (D:5)
  A quokka zombie (D:9)
  4 rats
220 creatures vanquished.

Vanquished Creatures (collateral kills)
  An ugly thing (D:9)
  A water moccasin (D:10)
  A bullfrog (D:10)
  3 crimson imps
  A quasit (D:7)
  A hound (D:9)
  An orc wizard (D:5)
  A worker ant (D:8)
  A worker ant zombie (D:9)
  4 orcs
  3 kobolds
18 creatures vanquished.

Vanquished Creatures (others)
  A human (D:5)
1 creature vanquished.

Grand Total: 239 creatures vanquished

Notes
Turn   | Place    | Note
-------+----------+-------------------------------------------
     0 | D:1      | Arixos the Gnoll Wizard began the quest for the Orb.
     0 | D:1      | Reached XP level 1. HP: 13/13 MP: 8/8
   349 | D:1      | Reached XP level 2. HP: 19/19 MP: 8/10
   353 | D:1      | Learned a level 2 spell: Blink
   662 | D:1      | Reached XP level 3. HP: 25/25 MP: 7/11
  1019 | D:2      | Reached skill level 1 in Invocations
  1121 | D:2      | Reached skill level 1 in Fighting
  1121 | D:2      | Reached skill level 1 in Short Blades
  1121 | D:2      | Reached skill level 1 in Long Blades
  1121 | D:2      | Reached skill level 1 in Axes
  1121 | D:2      | Reached skill level 1 in Maces & Flails
  1121 | D:2      | Reached skill level 1 in Polearms
  1121 | D:2      | Reached skill level 1 in Staves
  1121 | D:2      | Reached skill level 1 in Slings
  1121 | D:2      | Reached skill level 1 in Bows
  1121 | D:2      | Reached skill level 1 in Crossbows
  1121 | D:2      | Reached skill level 1 in Throwing
  1121 | D:2      | Reached skill level 1 in Armour
  1121 | D:2      | Reached skill level 1 in Shields
  1121 | D:2      | Reached skill level 1 in Unarmed Combat
  1121 | D:2      | Reached skill level 1 in Evocations
  1614 | D:3      | Reached XP level 4. HP: 32/32 MP: 9/13
  1623 | D:3      | Noticed Jessica
  1627 | D:3      | Killed Jessica
  1633 | D:3      | Learned a level 3 spell: Mephitic Cloud
  1637 | D:3      | Learned a level 3 spell: Conjure Flame
  1749 | D:3      | Noticed Terence
  1783 | D:3      | Killed Terence
  1783 | D:3      | Reached skill level 1 in Hexes
  1783 | D:3      | Reached skill level 1 in Charms
  1783 | D:3      | Reached skill level 1 in Necromancy
  1783 | D:3      | Reached skill level 1 in Transmutations
  1783 | D:3      | Reached skill level 1 in Fire Magic
  1783 | D:3      | Reached skill level 1 in Ice Magic
  1783 | D:3      | Reached skill level 1 in Air Magic
  1783 | D:3      | Reached skill level 1 in Earth Magic
  1783 | D:3      | Reached skill level 1 in Poison Magic
  1891 | D:3      | Reached XP level 5. HP: 37/37 MP: 0/14
  2402 | D:3      | Found a runed translucent door.
  2402 | D:3      | Noticed hitsuchi's ghost (amateur GnWn)
  2425 | D:4      | Found Kuesing Liock's Antique Weapon Emporium.
  2430 | D:4      | Bought a runed spear for 186 gold pieces
  2533 | D:4      | Reached XP level 6. HP: 44/44 MP: 16/16
  2592 | D:4      | Reached skill level 5 in Dodging
  2709 | D:4      | Noticed Eustachio
  2721 | D:4      | Killed Eustachio
  2721 | D:4      | Reached XP level 7. HP: 50/50 MP: 9/18
  2737 | D:4      | Found a staircase to the Ecumenical Temple.
  2743 | Temple   | Entered the Ecumenical Temple
  2821 | Temple   | Became a worshipper of Cheibriados the Contemplative
  3316 | D:5      | Entered Level 5 of the Dungeon
  3316 | D:5      | Found a glowing drain.
  3337 | Sewer    | Entered a sewer
  3347 | Sewer    | Got a pair of dazzling boots
  3353 | Sewer    | Identified the +0 pair of boots of Kyhegoip {rElec MR++
                  | Int-3 SInv} (You found it in a sewer)
  3396 | Sewer    | Noticed Purgy
  3405 | Sewer    | Killed Purgy
  3430 | Sewer    | Reached * piety under Cheibriados
  3590 | D:5      | Reached skill level 5 in Stealth
  3767 | D:5      | Learned a level 2 spell: Call Imp
  3867 | D:5      | Reached XP level 8. HP: 53/57 MP: 19/19
  3999 | D:5      | Found an ancient bone altar of Kikubaaqudgha.
  4030 | D:5      | Found Roschig's General Store.
  4145 | D:5      | Noticed a troll
  4154 | D:5      | Killed a troll
  4154 | D:5      | Reached ** piety under Cheibriados
  4532 | D:6      | Reached skill level 8 in Spellcasting
  4870 | D:6      | Found a runed translucent door.
  4872 | D:6      | Noticed runewalsh's ghost (novice OpWz)
  4880 | D:6      | Reached XP level 9. HP: 65/65 MP: 9/21
  5414 | D:7      | Reached *** piety under Cheibriados
  5469 | D:7      | Found a shimmering altar of Xom.
  5488 | D:7      | Noticed a hornet
  5502 | D:7      | Paralysed by a hornet for 2 turns
  5506 | D:7      | Killed a hornet
  5673 | D:7      | Found Voural's Assorted Antiques.
  5869 | D:7      | Reached **** piety under Cheibriados
  5869 | D:7      | Reached skill level 5 in Invocations
  5887 | D:7      | Reached XP level 10. HP: 73/73 MP: 12/22
  6503 | D:8      | Noticed a two-headed ogre
  6524 | D:8      | Killed a two-headed ogre
  6524 | D:8      | Reached skill level 5 in Fighting
  6524 | D:8      | Reached skill level 5 in Short Blades
  6524 | D:8      | Reached skill level 5 in Long Blades
  6524 | D:8      | Reached skill level 5 in Axes
  6524 | D:8      | Reached skill level 5 in Maces & Flails
  6524 | D:8      | Reached skill level 5 in Polearms
  6524 | D:8      | Reached skill level 5 in Staves
  6524 | D:8      | Reached skill level 5 in Slings
  6524 | D:8      | Reached skill level 5 in Bows
  6524 | D:8      | Reached skill level 5 in Crossbows
  6524 | D:8      | Reached skill level 5 in Throwing
  6524 | D:8      | Reached skill level 5 in Armour
  6524 | D:8      | Reached skill level 5 in Shields
  6524 | D:8      | Reached skill level 5 in Unarmed Combat
  6524 | D:8      | Reached skill level 5 in Evocations
  6759 | D:8      | Noticed Gastronok
  6788 | D:8      | Killed Gastronok
  6788 | D:8      | Reached skill level 9 in Spellcasting
  6788 | D:8      | Reached skill level 5 in Conjurations
  6788 | D:8      | Reached skill level 5 in Summonings
  6788 | D:8      | Reached skill level 5 in Translocations
  7194 | D:9      | Reached ***** piety under Cheibriados
  7194 | D:9      | Reached XP level 11. HP: 81/81 MP: 20/24
  7199 | D:9      | Noticed a cyclops
  7228 | D:9      | Killed a cyclops
  7334 | D:9      | Noticed a purple ugly thing
  7345 | D:9      | Killed a purple ugly thing
  7425 | D:9      | Reached skill level 5 in Hexes
  7425 | D:9      | Reached skill level 5 in Charms
  7425 | D:9      | Reached skill level 5 in Necromancy
  7425 | D:9      | Reached skill level 5 in Transmutations
  7425 | D:9      | Reached skill level 5 in Fire Magic
  7425 | D:9      | Reached skill level 5 in Ice Magic
  7425 | D:9      | Reached skill level 5 in Air Magic
  7425 | D:9      | Reached skill level 5 in Earth Magic
  7425 | D:9      | Reached skill level 5 in Poison Magic
  7610 | D:9      | Paralysed by a hornet for 1 turns
  7859 | D:9      | Noticed a two-headed ogre
  7873 | D:9      | Killed a two-headed ogre
  7875 | D:9      | Noticed a centaur warrior
  7883 | D:10     | Entered Level 10 of the Dungeon
  8093 | D:10     | Noticed an unseen horror
  8102 | D:10     | Killed an unseen horror
  8104 | D:10     | Noticed an unseen horror
  8116 | D:10     | Killed an unseen horror
  8160 | D:10     | Noticed a skeletal warrior
  8176 | D:10     | Killed a skeletal warrior
  8186 | D:10     | Noticed a skeletal warrior
  8192 | D:10     | Noticed a skeletal warrior
  8265 | D:11     | Gained mutation: Your body sometimes deteriorates upon
                  | taking damage. [potion of mutation]
  8265 | D:11     | Gained mutation: You are agile. (Dex +2) [potion of
                  | mutation]
  8268 | D:11     | Slain by a skeletal warrior

Levels and vault maps discovered:
D:1:      dpeg_arrival_solitude, layout_loops_corners,
          minmay_misc_feat_ornament, wander_ebering_terrifying_dragon_lair
D:2:      layout_loops_ring, skrybe_limestone_x, hangedman_decor_clover_reticule
D:3:      layout_basic, gammafunk_ghost_grave, uniq_jessica, uniq_terence
D:4:      layout_loops_ring, minmay_temple_entry_fiery, serial_shops, shop,
          grunt_ministairs_5, uniq_eustachio
D:5:      layout_basic, first_ration, serial_shops, shop, gup_sewer_entry_glass,
          tgw_kikubaaqudgha
D:6:      layout_basic, ebering_ghost_sewer_d,
          hangedman_abyss_or_decor_lesser_grid
D:7:      layout_basic, kennysheep_mini, serial_shops, nicolae_shop_trees,
          grunt_livestock, uniq_crazy_yiuf_cottage
D:8:      layout_basic, uniq_gastronok
D:9:      minmay_the_grid_plus [minmay_the_grid_zigzags, minmay_the_grid_x,
          minmay_the_grid_garden, minmay_the_grid_diamond_grid,
          minmay_the_grid_prize_trominoes], layout_irregular_city
D:10:     kennysheep_seaside_town, layout_rooms, gammafunk_ghost_smash,
          kennysheep_nondescript, nrook_campfire
D:11:     layout_irregular_city, erik_lair_orcish_takeover, serial_shops, shop,
          serial_column_ruins, column_ruins_open_small_water,
          column_ruins_grid_2, column_ruins_grid_1,
          column_ruins_columns_straight, column_ruins_open_small,
          nicolae_ashenzari_panopticon, uniq_fannar
Temple:   compressed_dpeg_circular_temple

Skill      XL: |  1  2  3  4  5  6  7  8  9 10 11 |
---------------+----------------------------------+-----
Conjurations   | 2 3 4 5 |  5.9
Summonings     | 2 3 4 5 |  5.9
Translocations | 2 3 4 5 |  5.9
Invocations    | 1 2 3 4 5 6 7 |  7.2
Fighting       | 1 2 3 4 5 6 |  6.5
Short Blades   | 1 2 3 4 5 6 |  6.5
Long Blades    | 1 2 3 4 5 6 |  6.5
Axes           | 1 2 3 4 5 6 |  6.5
Maces & Flails | 1 2 3 4 5 6 |  6.5
Polearms       | 1 2 3 4 5 6 |  6.5
Staves         | 1 2 3 4 5 6 |  6.5
Slings         | 1 2 3 4 5 6 |  6.5
Bows           | 1 2 3 4 5 6 |  6.5
Crossbows      | 1 2 3 4 5 6 |  6.5
Throwing       | 1 2 3 4 5 6 |  6.5
Armour         | 1 2 3 4 5 6 |  6.5
Shields        | 1 2 3 4 5 6 |  6.5
Unarmed Combat | 1 2 3 4 5 6 |  6.5
Evocations     | 1 2 3 4 5 6 |  6.5
Hexes          | 1 2 3 4 5 |  5.4
Charms         | 1 2 3 4 5 |  5.4
Necromancy     | 1 2 3 4 5 |  5.4
Transmutations | 1 2 3 4 5 |  5.4
Fire Magic     | 1 2 3 4 5 |  5.4
Ice Magic      | 1 2 3 4 5 |  5.4
Air Magic      | 1 2 3 4 5 |  5.4
Earth Magic    | 1 2 3 4 5 |  5.4
Poison Magic   | 1 2 3 4 5 |  5.4
Dodging        | 5 6 7 8 |  8.1
Stealth        | 5 6 7 |  7.8
Spellcasting   | 8 9 |  9.7

Action                   |  1- 3 |  4- 6 |  7- 9 | 10-12 || total
-------------------------+-------+-------+-------+-------++-------
Melee: Unarmed           |    39 |       |       |       ||    39
       Bite              |     2 |    10 |    29 |    49 ||    90
       Whip              |     8 |    34 |       |       ||    42
       Punch             |     1 |     1 |     5 |    12 ||    19
       Spear             |       |    39 |   272 |   346 ||   657
Throw: Dart              |       |     1 |       |       ||     1
 Cast: Magic Dart        |    54 |    73 |    44 |    15 ||   186
       Conjure Flame     |       |     4 |    13 |    24 ||    41
       Blink             |       |     2 |       |     1 ||     3
       Mephitic Cloud    |       |     3 |     7 |    11 ||    21
       Call Imp          |       |       |    25 |    45 ||    70
Invok: Bend Time         |       |       |       |     1 ||     1
Evoke: Wand              |       |       |       |     3 ||     3
  Use: Potion            |       |       |       |     2 ||     2
       Scroll            |       |       |       |     1 ||     1
 Stab: Sleeping          |     4 |     3 |    11 |     6 ||    24
       Distracted        |       |       |     1 |     3 ||     4
       Confused          |       |       |     7 |     6 ||    13
  Eat: Chunk             |     2 |     4 |     6 |     5 ||    17
Armor: Robe              |    22 |     8 |       |       ||    30
       Leather armour    |       |     9 |    24 |       ||    33
       Troll leather arm |       |       |    43 |    57 ||   100
Dodge: Dodged            |    53 |    54 |   166 |   206 ||   479

Table legend:
 A = Non-vault XP
 B = Vault XP
 C = Vault XP percentage of total XP
 D = Non-vault monster count
 E = Vault monster count
 F = Vault count percentage of total count
                 A         B        C        D         E       F
            +---------+---------+-------+---------+---------+-------
      Total |   11113 |    5612 |  33.6 |     206 |      32 |  13.4
            +---------+---------+-------+---------+---------+-------
        D:1 |      33 |       3 |   8.3 |      16 |       1 |   5.9
        D:2 |      43 |       0 |   0.0 |      11 |       0 |   0.0
        D:3 |      32 |      73 |  69.5 |      15 |       2 |  11.8
        D:4 |     424 |     187 |  30.6 |      26 |       3 |  10.3
        D:5 |     780 |      18 |   2.3 |      29 |       3 |   9.4
        D:6 |     778 |       0 |   0.0 |      18 |       0 |   0.0
        D:7 |    1466 |     929 |  38.8 |      35 |       5 |  12.5
        D:8 |    1888 |    2151 |  53.3 |      19 |       1 |   5.0
        D:9 |    3089 |    2111 |  40.6 |      26 |      11 |  29.7
       D:10 |    2580 |       0 |   0.0 |      11 |       0 |   0.0
      Sewer |       0 |     140 | 100.0 |       0 |       6 | 100.0
            +---------+---------+-------+---------+---------+-------
